Description

Build created from PiGs B2GM Protoss series. The build is from his YT video - see VOD - game 7, with minor adjustments. It is not fully optimised, but good beginner macro build to improve with Protoss.

VOD

https://www.youtube.com/watch?v=nSPYJ-irlk8&list=PLOrKQEirgvjCQ6jqwTI48TsG8G-kFJ0Vf&index=5

Build Order

Get SALT Encoding   

  14  0:20  Pylon  
  16  0:40  Gateway  
  16  0:39  Nexus (Chrono Boost)  
  17  0:50  Assimilator  
  20  1:27  Nexus  
  21  1:38  Cybernetics Core  
  21  1:47  Assimilator  
  22  1:55  Pylon  
  25  2:14  Adept (Chrono Boost)  
  26  2:16  Warp Gate  
  26  2:23  Robotics Facility  
  29  2:34  Stalker (Chrono Boost)  
  31  2:41  Action (Chrono Boost)  Chrono probe production at natural
  36  3:01  Stalker  
  39  3:12  Observer  
  41  3:26  Gateway  
  41  3:28  Pylon  
  43  3:44  Assimilator x2  
  47  3:47  Immortal  
  49  4:00  Nexus  
  49  4:08  Pylon  
  52  4:25  Pylon  
  54  4:34  Robotics Bay  
  56  4:43  Robotics Facility  
  59  4:49  Observer  
  66  5:15  Forge  
  66  5:32  Colossus x2 (Chrono Boost)  
  72  5:35  Twilight Council  
  81  5:38  Pylon  
  83  5:48  Assimilator x2  
  90  6:13  Pylon  
  91  6:16  Protoss Ground Weapons Level 1 (Chrono Boost)  
  91  6:17  Charge (Chrono Boost)  
  92  6:30  Gateway x7  
  92  6:38  Templar Archives  
  96  6:41  Pylon  
  100  6:43  Disruptor x2 (Chrono Boost)  
  108  7:15  Immortal x2 (Chrono Boost)  
  108  7:25  Nexus  
  108  7:30  Pylon  
  116  7:52  Warp Prism (Chrono Boost), Immortal (Chrono Boost)  
  116  8:07  High Templar x6  Make Archons x3
Spawning Tool Build Advisor. Get it on Overwolf

Analysis

After 9 minutes he moves out. From that point continue making Zealot, Stalker, Immortal, Collosus w/e you need. Continue Pylon production as to not get supply blocked!

Max out while attacking.

Go to:

Details

  • Created by: Ziex
  • Published on: Sep 23, 2025
  • Modified on: Sep 23, 2025
  • Patch: 5.0.11
  • Difficulty: Medium
Show
View Real Time Build Order
Export as new Build Order

Comments (0)

There are no comments. Be the first!

Create an account to comment!